 Dungeon Crawl Stone Soup version 0.28.0-47-ge53b351184 (webtiles) character file.

Game seed: 3967765012302835358

99 Zeld the Shield-Bearer (level 4, 0/40 HPs)
             Began as a Minotaur Fighter on Apr 27, 2022.
             Slain by a gnoll
             ... wielding a +0 spear
              (6 damage)
             ... on level 4 of the Dungeon.
             The game lasted 00:01:33 (1286 turns).

Zeld the Shield-Bearer (Minotaur Fighter)           Turns: 1286, Time: 00:01:33

Health: 0/40       AC:  9    Str: 22    XL:     4   Next: 45%
Magic:  3/3        EV:  9    Int:  5    God:
Gold:   75         SH:  4    Dex: 10    Spells: 3/3 levels left

rFire   . . .      SeeInvis .   a - +0 war axe
rCold   . . .      Faith    .   c - +0 buckler
rNeg    . . .      Spirit   .   b - +0 scale mail
rPois   .          Reflect  .   (helmet restricted)
rElec   .          Harm     .   (no cloak)
rCorr   .          Rampage  .   n - +0 pair of gloves
Will    .....                   g - +0 pair of boots
Stlth   ..........              (no amulet)
HPRegen 0.13/turn               (no ring)
MPRegen 0.08/turn               (no ring)

@: no status effects
A: horns 2, retaliatory headbutt
a: no special abilities


You were on level 4 of the Dungeon.
You visited 1 branch of the dungeon, and saw 4 of its levels.

You collected 75 gold pieces.

Inventory:

Hand Weapons
 a - a +0 war axe (weapon)
Armour
 b - a +0 scale mail (worn)
 c - a +0 buckler (worn)
 g - a +0 pair of boots (worn)
 n - a +0 pair of gloves (worn)
Scrolls
 f - 2 scrolls of teleportation {unknown}
 h - a scroll of blinking {unknown}
 i - a scroll of silence {unknown}
 k - a scroll of amnesia {unknown}
 m - a scroll of noise {unknown}
Potions
 d - a potion of might
 e - a potion of heal wounds {unknown}
 j - a potion of attraction {unknown}
 l - a potion of curing {unknown}
 o - a potion of flight {unknown}


   Skills:
 * Level 4.3 Fighting
 * Level 3.5 Axes
 + Level 4.0 Armour
 + Level 1.1 Dodging
 + Level 1.0 Stealth
 * Level 4.3 Shields


You had 3 spell levels left.
You didn't know any spells.
Your spell library was empty.

Dungeon Overview and Level Annotations

Branches:
Dungeon (4/15)
 Temple: D:4-7

Altars:

Shops:
D:4 [

Annotations:
D:1 1 runed translucent door


Innate Abilities, Weirdness & Mutations

You have a pair of horns on your head.
You reflexively headbutt those who attack you in melee.


Message History

You now have 69 gold pieces (gained 10).
You now have 75 gold pieces (gained 6).
A gnoll comes into view. It is wielding a +0 spear.
The gnoll shouts!
A gnoll comes into view. It is wielding a +0 flail.
There are monsters nearby!
There are monsters nearby!
A gnoll shaman comes into view. It is wielding a +0 whip.
The gnoll shaman shouts!
The gnoll shouts!
A gnoll comes into view. It is wielding a +0 club.
Found a stone staircase leading up.
The gnoll shouts!
The gnoll hits you from afar with a +0 spear.
The gnoll hits you with a +0 spear. You block the gnoll shaman's attack.
You hit the gnoll shaman but do no damage.
Your headbutt misses the gnoll shaman. You closely miss the gnoll.
You hit the gnoll. x2; The gnoll hits you with a +0 spear.
The gnoll hits you with a +0 flail.
The gnoll shaman hits you but does no damage.
The gnoll hits you but does no damage. x2; The gnoll hits you with a +0 flail!
You are too injured to fight recklessly!
Unknown command.
You slash the gnoll!
The gnoll is almost dead.
You closely miss the gnoll. You barely miss the gnoll.
You hit the gnoll shaman. The gnoll shaman barely misses you.
The gnoll hits you but does no damage. You block the gnoll's attack.
The gnoll closely misses you.
Unknown command.
You slash the gnoll!
You kill the gnoll!
You slash the gnoll! x2
You hit the gnoll shaman but do no damage.
The gnoll shaman hits you with a +0 whip.
* * * LOW HITPOINT WARNING * * *
The gnoll closely misses you. The gnoll hits you with a +0 flail.
* * * LOW HITPOINT WARNING * * *
The gnoll shaman hits you but does no damage.
The gnoll hits you with a +0 spear.
You die...

############
#....g......
##########.#.@)......
####.)..........gg.#####
.......................
........................
........................
#....................<..
#.............####....#.
..........#########...#
...........##.....#....


You could see a gnoll shaman and 2 gnolls.

Vanquished Creatures
  A jelly (D:4)
  An orc wizard (D:4)
  A gnoll (D:4)
  An adder skeleton (D:4)
  3 orcs
  A bat (D:3)
  5 endoplasms
  2 giant cockroaches
  9 goblins
  2 hobgoblins (D:4)
  A jackal (D:3)
  A quokka (D:4)
  4 ball pythons
  A kobold (D:2)
  A rat (D:3)
34 creatures vanquished.

Notes
Turn   | Place    | Note
-------+----------+-------------------------------------------
     0 | D:1      | Zeld the Minotaur Fighter began the quest for the Orb.
     0 | D:1      | Reached XP level 1. HP: 19/19 MP: 0/0
     1 | D:1      | Found a runed translucent door.
   333 | D:2      | Reached XP level 2. HP: 27/27 MP: 1/1
   838 | D:4      | Found Roaphuu's Armour Shoppe.
   884 | D:4      | Reached XP level 3. HP: 26/33 MP: 2/2
  1029 | D:4      | Reached skill level 1 in Dodging
  1029 | D:4      | Reached XP level 4. HP: 30/40 MP: 3/3
  1127 | D:4      | Reached skill level 1 in Stealth
  1286 | D:4      | Slain by a gnoll

Illustrated notes

Levels and vault maps discovered:
D:1:      dpeg_arrival_caged_fury, layout_basic
D:2:      layout_loops_ring
D:3:      layout_rooms, palyth_temple_overflow_mages, amcnicky_altar_gilded,
          nicolae_ecumenical_snake_handling, grunt_ministairs_9,
          minmay_pentomino_pile
D:4:      layout_basic, serial_shops, nicolae_stop_n_shop_2, chequers_jeans

Skill      XL: |  1  2  3  4 |
---------------+-------------+-----
Shields        | 4 |  4.3
Fighting       | 4 |  4.3
Axes           | 3 |  3.5
Armour         | 4 |  4.0
Dodging        | 1 |  1.1
Stealth        | 1 |  1.0

Action                   |  1- 3 |  4- 6 || total
-------------------------+-------+-------++-------
Melee: War axe           |    51 |    17 ||    68
       Headbutt          |     5 |       ||     5
Armor: Scale mail        |    25 |    16 ||    41
Dodge: Dodged            |    16 |    12 ||    28
Block: Buckler           |    13 |     4 ||    17
